 Dungeon Crawl Stone Soup version 0.27.0-1-g7a089689b8 (webtiles) character file.

Game seed: 6847654684619825788

72 MisterFreud the Skirmisher (level 4, 0/44 HPs)
             Began as a Minotaur Abyssal Knight on Aug 17, 2021.
             Was a Believer of Lugonu.
             Slain by an adder (3 damage)
             ... on level 3 of the Dungeon.
             The game lasted 00:02:08 (2219 turns).

MisterFreud the Skirmisher (MiAK)                   Turns: 2219, Time: 00:02:09

Health: 0/44       AC:  3    Str: 18    XL:     4   Next: 7%
Magic:  4/4        EV: 11    Int:  9    God:    Lugonu [**....]
Gold:   65         SH:  0    Dex:  9    Spells: 3/3 levels left

rFire    . . .     SeeInvis .   a - +1 hand axe
rCold    . . .     Faith    .   (no shield)
rNeg     . . .     Spirit   .   b - +0 leather armour
rPois    .         Reflect  .   (helmet restricted)
rElec    .         Harm     .   (no cloak)
rCorr    +         Rampage  .   (no gloves)
Will     .....                  (no boots)
Stlth    +.........             (no amulet)
HPRegen  0.14/turn              e - ring of resist corrosion
MPRegen  0.09/turn              (no ring)

@: no status effects
A: horns 2, retaliatory headbutt
a: Renounce Religion, Depart the Abyss, Bend Space


You were on level 3 of the Dungeon.
You worshipped Lugonu.
Lugonu was pleased with you.
You visited 1 branch of the dungeon, and saw 3 of its levels.
You visited the Abyss 1 time.

You collected 65 gold pieces.

Inventory:

Hand Weapons
 a - a +1 hand axe (weapon)
Armour
 b - a +0 leather armour (worn)
Jewellery
 e - a ring of resist corrosion (left hand)
Scrolls
 f - a scroll of noise {unknown}
 h - 2 scrolls of blinking {unknown}
 i - a scroll of teleportation {unknown}
 k - a scroll of immolation {unknown}
Potions
 c - a potion of magic {unknown}
 d - a potion of might {unknown}
 g - a potion of degeneration {unknown}
 j - a potion of mutation {unknown}


   Skills:
 + Level 6.0 Fighting
 - Level 2.4 Axes
 - Level 2.4 Armour
 - Level 1.1 Dodging
 - Level 1.8 Invocations


You had 3 spell levels left.
You didn't know any spells.
Your spell library was empty.

Dungeon Overview and Level Annotations

Branches:
Dungeon (3/15)

Altars:
Beogh


Innate Abilities, Weirdness & Mutations

You have a pair of horns on your head.
You reflexively headbutt those who attack you in melee.


Message History

The orc shouts!
An orc is nearby!
An orc is nearby!
Found a helmet and 14 gold pieces.
An adder and a scorpion come into view.
The adder hisses angrily.
The orc barely misses you.
You hit the orc.
The orc is lightly wounded.
The orc misses you. The orc hits you with a +0 dagger.
You barely miss the orc. You headbutt the orc.
You kill the orc!
Lugonu accepts your kill.
Your Fighting skill increases to level 6!
The adder misses you. The scorpion stings you.
You hit the scorpion.
The scorpion is lightly wounded.
You hit the adder but do no damage. The adder bites you.
The scorpion stings you!
You hit the scorpion but do no damage.
The scorpion is lightly wounded.
You hit the adder but do no damage. The adder bites you.
The scorpion stings you! The adder bites you.
You are poisoned.
The adder poisons you!
You are too injured to fight recklessly!
You are too injured to fight recklessly!
You feel sick. The adder bites you. The scorpion stings you!
* * * LOW HITPOINT WARNING * * *
You feel sick.
You feel sick. The adder bites you but does no damage.
You feel sick.
You feel sick. The scorpion misses you.
You feel sick.
You feel sick.
You are no longer poisoned.
The adder closely misses you.
You see here a worm corpse.
The adder bites you.
You die...

#........ ..... #....... #
.....########...... .#
#.........#...... ..
#.........###...# #####.###
#.........#...#.# #........
#.........#.s...###<.......
##...........S.##...........
##...).......†#@##.##........
##............##.##.##........
#........)....##.##.#.........
#.........†...............##..
#.............##.##.#.##### .
#.............##....#.
#............###.##...
##...........# ......
#..............


You could see a scorpion and an adder.

Vanquished Creatures
  2 adders (D:2)
  A worm (D:3)
  A dart slug (D:1)
  3 orcs
  5 ball pythons
  6 endoplasms
  4 goblins
  4 hobgoblins
  2 jackals (D:2)
  A quokka (D:2)
  5 bats
  3 frilled lizards
  2 kobolds
  5 rats
44 creatures vanquished.

Notes
Turn   | Place    | Note
-------+----------+-------------------------------------------
     0 | Abyss:1  | MisterFreud the Minotaur Abyssal Knight began the quest for
                  | the Orb.
     0 | Abyss:1  | Reached XP level 1. HP: 19/19 MP: 1/1
    26 | Abyss:1  | Found a corrupted altar of Lugonu.
    39 | D:1      | Escaped the Abyss
   118 | D:1      | Reached skill level 4 in Fighting
   139 | D:1      | Reached XP level 2. HP: 20/28 MP: 2/2
   355 | D:1      | Reached ** piety under Lugonu
  1006 | D:2      | Reached skill level 5 in Fighting
  1027 | D:2      | Reached XP level 3. HP: 36/36 MP: 3/3
  1460 | D:2      | Found a faded altar of an unknown god.
  2187 | D:3      | Reached XP level 4. HP: 44/44 MP: 4/4
  2205 | D:3      | Noticed a scorpion
  2208 | D:3      | Reached skill level 6 in Fighting
  2219 | D:3      | Slain by an adder

Illustrated notes

Levels and vault maps discovered:
D:1:      nzn_arrival_settlement, layout_basic
D:2:      layout_loops_corners, hellmonk_ecumenical_altar_defaced_shrine,
          minmay_indecisive_spiral
D:3:      layout_rooms

Skill      XL: |  1  2  3  4 |
---------------+-------------+-----
Fighting       | 4 5 6 |  6.0
Axes           | |  2.4
Armour         | |  2.4
Dodging        | |  1.1
Invocations    | |  1.8

Action                   |  1- 3 |  4- 6 || total
-------------------------+-------+-------++-------
Melee: Hand axe          |    82 |     6 ||    88
       Headbutt          |     5 |     2 ||     7
Armor: Leather armour    |    21 |     1 ||    22
Dodge: Dodged            |    61 |     5 ||    66
